 Dungeon Crawl Stone Soup version 0.25.0-15-gac7dcb8919 (webtiles) character file.

Game seed: 10682200928494601211

10623 MisterFreud the Cleaver (level 11, -10/81 HPs)
             Began as a Demonspawn Venom Mage on June 29, 2020.
             Was an Initiate of Gozag.
             Mangled by a white ugly thing (17 damage)
             ... on level 10 of the Dungeon.
             The game lasted 00:28:57 (13150 turns).

MisterFreud the Cleaver (Demonspawn Venom Mage)    Turns: 13150, Time: 00:28:57

Health: -10/81     AC: 13    Str:  8    XL:     11   Next: 38%
Magic:  17/17      EV: 18    Int: 20    God:    Gozag
Gold:   1193       SH:  0    Dex: 14    Spells: 17/18 levels left

rFire    . . .     SeeInvis .   d - +3 hand axe (vorpal)
rCold    . . .     Gourm    .   (no shield)
rNeg     + . .     Faith    .   x - +0 robe {MR+}
rPois    .         Spirit   .   (no helmet)
rElec    .         Reflect  .   t - +2 cloak
rCorr    .         Harm     .   I - +0 pair of gloves
MR       +....                  (no boots)
Stlth    ++........             (no amulet)
HPRegen  0.23/turn              i - +4 ring of protection
MPRegen  0.15/turn              G - ring of positive energy

@: no status effects
A: claws 2, thin metallic scales 2, spiny 2, rot immunity
a: Potion Petition, Call Merchant, Bribe Branch, Renounce Religion


You were on level 10 of the Dungeon.
You worshipped Gozag.
Gozag was most pleased with you.
You were very hungry.

You visited 2 branches of the dungeon, and saw 11 of its levels.
You also visited: Ossuary.

You collected 1426 gold pieces.
You spent 90 gold pieces at shops.
You paid 143 gold pieces to Gozag.

Inventory:

Hand Weapons
 d - a +3 vorpal hand axe (weapon)
 J - a +2 dagger of venom
Missiles
 r - 24 poisoned darts (quivered)
 s - 29 boomerangs
Armour
 t - a +2 cloak (worn)
 x - a +0 robe of magic resistance (worn)
 I - a +0 pair of gloves (worn)
 K - a scarf of invisibility
Jewellery
 i - a +4 ring of protection (left hand)
 y - an uncursed ring of ice
 G - a ring of positive energy (right hand)
 M - an uncursed ring of ice
Wands
 g - a wand of polymorph (12)
 B - a wand of random effects (41)
 C - a wand of clouds (9)
 L - a wand of digging (2)
 N - a wand of enslavement (7)
Scrolls
 f - 4 scrolls of fear {unknown}
 h - a scroll of amnesia {unknown}
 j - 2 scrolls of blinking {unknown}
 m - 2 scrolls of summoning {unknown}
 n - 5 scrolls of enchant weapon {unknown}
 p - 6 scrolls of remove curse
 z - 3 scrolls of fog {unknown}
 A - 4 scrolls of teleportation
 D - a scroll of holy word {unknown}
 F - a scroll of magic mapping {unknown}
 H - a scroll of identify
Potions
 a - 3 potions of flight
 b - 3 potions of stabbing
 e - 5 potions of curing
 k - 5 potions of heal wounds
 l - a potion of cancellation
 o - 2 potions of ambrosia
 q - 3 potions of lignification
 u - a potion of berserk rage
 v - 3 potions of brilliance
 w - a potion of might
 E - a potion of invisibility
Comestibles
 c - 3 rations


   Skills:
 - Level 6.0 Fighting
 + Level 11.3 Axes
 - Level 10.0 Dodging
 - Level 1.7 Stealth
 - Level 4.0 Spellcasting
 - Level 0.8 Transmutations
 - Level 4.0 Poison Magic


You had 17 spell levels left.
You knew the following spells:

 Your Spells              Type           Power        Failure   Level  Hunger
a - Sting                 Tmut/Pois      ##..         4%          1    None

Your spell library contained the following spells:

 Spells                   Type           Power        Failure   Level  Hunger
 Poisonous Vapours        Pois/Air       ##....       9%          2    #......
 Ignite Poison            Fire/Tmut/Pois ##......     21%         3    ###....
 Mephitic Cloud           Conj/Pois/Air  #.......     22%         3    ###....
 Olgreb's Toxic Radiance  Pois           ###.....     24%         4    ####...


Dungeon Overview and Level Annotations

Branches:
Dungeon (10/15)            Temple (1/1) D:7             Orc (0/2) D:9
Ossuary (visited)
   Lair: D:8-11

Altars:
Ashenzari
Cheibriados
Dithmenos
Elyvilon
Fedhas
Gozag
Hepliaklqana
Kikubaaqudgha
Makhleb
Nemelex Xobeh
Okawaru
Qazlal
Ru
Sif Muna
Trog
Uskayaw
Vehumet
Wu Jian
Xom
Yredelemnul
Zin
The Shining One

Annotations:
D:3 3 runed translucent doors, Esekla's ghost, weakling BaNe


Innate Abilities, Weirdness & Mutations

You have very sharp fingernails.
You are mostly covered in thin metallic scales. (AC +3)
You are mostly covered in sharp spines.
You are immune to rotting.


Message History

The white ugly thing is lightly wounded.
You slash the white ugly thing!
The white ugly thing is moderately wounded.
The white ugly thing is struck by your spines.
The white ugly thing stings you. The white ugly thing freezes you!
You hit the white ugly thing but do no damage.
The white ugly thing is moderately wounded.
The white ugly thing stings you. The white ugly thing freezes you!
The white ugly thing stings you. The white ugly thing freezes you!!
* * * LOW HITPOINT WARNING * * *
There is a stone staircase leading down, spattered with blood here.
The white ugly thing is struck by your spines.
The white ugly thing completely misses you.
Your magical contamination has completely faded away.
The white ugly thing is struck by your spines.
The white ugly thing stings you!
* * * LOW HITPOINT WARNING * * *
The white ugly thing freezes you!
You die...
Your body crumbles into a pile of gold.

#...#.# ###.#.# ....#.#
#.###.# ##### ..#
#.#######...## ###
#.#.)........# ..
#.#.#####....####
#.###.#.#####.......######
......(.........@u.W....>#
#.###.#.#####.......####.#
#...########...#####.#
##.......######....#W#
.........).)......#.#
........######....#.#
........ #....#.# ######
###..#.# #####.#.#


You could see a white ugly thing and a wraith.

Vanquished Creatures
  2 two-headed ogres
  Pikel (D:4)
  Maurice (D:8)
  A troll (D:9)
  Sigmund (D:4)
  A wyvern (D:9)
  2 humans (D:8)
  2 wraiths (D:7)
  A steam dragon (D:8)
  A hungry ghost (D:8)
  A water moccasin (D:9)
  Duvessa (D:4)
  4 ice beasts
  3 sky beasts
  2 phantoms
  3 slaves (D:4)
  3 necrophages
  4 black bears
  6 orc warriors
  6 ogres
  5 centaurs
  A big kobold (D:8)
  2 elf zombies
  8 bullfrogs
  Dowan (D:4)
  An elf skeleton (D:7)
  6 scorpions
  10 killer bees
  6 wights
  A howler monkey (D:4)
  2 crimson imps
  2 centaur zombies
  5 human zombies
  3 bullfrog zombies
  A hound (D:7)
  Crazy Yiuf (D:4)
  12 orc priests
  An iron imp (D:6)
  11 orc wizards
  2 bullfrog skeletons
  3 centaur skeletons
  6 iguanas
  3 jellies
  6 worker ants
  2 big kobold zombies (Ossuary)
  4 hound zombies
  2 hound skeletons (D:6)
  6 mummies
  7 gnolls
  17 adders
  2 shadow imps
  An ooze (D:6)
  2 adder skeletons (D:5)
  3 adder zombies (Ossuary)
  2 worms
  A dart slug (D:5)
  5 leopard geckos
  58 orcs
  4 giant cockroaches
  4 gnoll zombies (Ossuary)
  4 goblins
  8 hobgoblins
  5 jackals (D:2)
  2 quokkas (D:6)
  2 ball pythons
  8 bats
  2 frilled lizards
  A giant cockroach zombie (D:5)
  4 goblin zombies (Ossuary)
  2 hobgoblin zombies (Ossuary)
  4 jackal zombies (Ossuary)
  17 kobolds
  4 kobold zombies (Ossuary)
  A leopard gecko skeleton (D:5)
  An orc zombie (Ossuary)
  A quokka skeleton (D:7)
  7 quokka zombies
  9 rats
  2 rat zombies (Ossuary)
349 creatures vanquished.

Notes
Turn   | Place    | Note
-------+----------+-------------------------------------------
     0 | D:1      | MisterFreud the Demonspawn Venom Mage began the quest for
                  | the Orb.
     0 | D:1      | Reached XP level 1. HP: 13/13 MP: 3/3
   141 | D:1      | Reached skill level 1 in Fighting
   278 | D:1      | Gained mutation: You have sharp fingernails. [demonic
                  | ancestry]
   278 | D:1      | Reached XP level 2. HP: 11/22 MP: 0/5
  1114 | D:2      | Gained mutation: You are partially covered in thin metallic
                  | scales. (AC +2) [demonic ancestry]
  1114 | D:2      | Reached XP level 3. HP: 28/28 MP: 0/6
  1371 | D:2      | Found a radiant altar of Vehumet.
  1451 | D:2      | Found a white marble altar of Elyvilon.
  1543 | D:1      | Gained mutation: You have very sharp fingernails. [demonic
                  | ancestry]
  1543 | D:1      | Reached XP level 4. HP: 31/35 MP: 0/7
  2406 | D:2      | Reached XP level 5. HP: 34/41 MP: 6/8
  2510 | D:3      | Found an ornate altar of the Wu Jian Council.
  2555 | D:3      | Identified the +9 whip of the Lost Beggars {chaos, rN+
                  | Str+9 Dex-3}
  2556 | D:3      | Found a runed translucent gate.
  2556 | D:3      | Found a runed translucent gate.
  2556 | D:3      | Noticed Esekla's ghost (weakling BaNe)
  2557 | D:3      | Found a runed translucent gate.
  2669 | D:3      | Found an ancient bone altar of Kikubaaqudgha.
  3407 | D:4      | Gained mutation: You are partially covered in sharp spines.
                  | [demonic ancestry]
  3407 | D:4      | Reached XP level 6. HP: 40/47 MP: 2/9
  3462 | D:4      | Reached skill level 5 in Dodging
  3530 | D:4      | Found a sand-covered staircase.
  3544 | Ossuary  | Entered an ossuary
  3844 | Ossuary  | Gained mutation: You are mostly covered in sharp spines.
                  | [demonic ancestry]
  3844 | Ossuary  | Reached XP level 7. HP: 38/52 MP: 10/10
  4166 | D:4      | Noticed Sigmund
  4173 | D:4      | Killed Sigmund
  4173 | D:4      | Reached skill level 5 in Fighting
  4216 | D:4      | Noticed Duvessa
  4216 | D:4      | Noticed Dowan
  4242 | D:4      | Killed Duvessa
  4242 | D:4      | Gained mutation: You are immune to rotting. [demonic
                  | ancestry]
  4242 | D:4      | Reached XP level 8. HP: 55/64 MP: 3/11
  4248 | D:4      | Killed Dowan
  4424 | D:4      | Noticed Pikel
  4584 | D:4      | Found a runed translucent door.
  4585 | D:4      | Noticed Crazy Yiuf
  4664 | D:4      | Killed Pikel
  4948 | D:4      | Killed Crazy Yiuf
  5132 | D:5      | Entered Level 5 of the Dungeon
  5531 | D:5      | Found a shimmering altar of Xom.
  5617 | D:5      | Reached XP level 9. HP: 69/69 MP: 12/12
  6460 | D:6      | Reached skill level 10 in Dodging
  6460 | D:6      | Reached skill level 1 in Axes
  6582 | D:6      | Reached skill level 2 in Axes
  6763 | D:6      | Reached skill level 3 in Axes
  6824 | D:6      | Noticed a two-headed ogre
  6924 | D:6      | Killed a two-headed ogre
  6924 | D:6      | Reached skill level 5 in Axes
  7363 | D:6      | Found a burning altar of Makhleb.
  7370 | D:6      | Reached skill level 6 in Axes
  7395 | D:6      | Found a snail-covered altar of Cheibriados.
  7556 | D:7      | Found a shattered altar of Ashenzari.
  7590 | D:7      | Reached XP level 10. HP: 76/76 MP: 9/13
  8054 | D:7      | Reached skill level 7 in Axes
  8729 | D:7      | Reached skill level 8 in Axes
  8771 | D:7      | Found a bloodstained altar of Trog.
  8806 | D:7      | Found a staircase to the Ecumenical Temple.
  8823 | Temple   | Entered the Ecumenical Temple
  8936 | Temple   | Became a worshipper of Gozag Ym Sagoz the Greedy
  9601 | D:7      | Found a basalt altar of Yredelemnul.
 10056 | D:8      | Noticed a two-headed ogre
 10067 | D:8      | Killed a two-headed ogre
 10067 | D:8      | Reached skill level 9 in Axes
 10221 | D:8      | Found Zin's Purification Station.
 10282 | D:8      | Found a glowing silver altar of Zin.
 10288 | D:8      | Bought a potion of curing for 90 gold pieces
 10776 | D:8      | Gained mutation: You are mostly covered in thin metallic
                  | scales. (AC +3) [demonic ancestry]
 10776 | D:8      | Reached XP level 11. HP: 43/81 MP: 14/17
 11031 | D:8      | Noticed Maurice
 11035 | D:8      | Found a stormy altar of Qazlal.
 11049 | D:8      | Killed Maurice
 11049 | D:8      | Reached skill level 10 in Axes
 11336 | D:8      | Found an iron altar of Okawaru.
 11690 | D:9      | Found a shimmering blue altar of Sif Muna.
 12603 | D:9      | Found a staircase to the Orcish Mines.
 12617 | D:9      | Reached skill level 11 in Axes
 12955 | D:10     | Entered Level 10 of the Dungeon
 13121 | D:10     | Noticed a brown ugly thing
 13150 | D:10     | Mangled by a white ugly thing

Illustrated notes

Levels and vault maps discovered:
D:1:      tarquinn_simple_flora_water_a, layout_basic
D:2:      layout_loops_ring, lemuel_doored_altar, elyvilon_altar_3,
          serial_forest, infiniplex_forest_clump_small,
          infiniplex_forest_corner_1, infiniplex_forest_straight_3,
          infiniplex_forest_straight_2, infiniplex_forest_straight_2,
          infiniplex_forest_straight_3, infiniplex_forest_end_3
D:3:      layout_rooms, lemuel_crystal_altar, kiku_gazebo_pond_becter,
          gammafunk_ghost_nasty_kobolds, st_stairs_14
D:4:      layout_basic, nicolae_ossuary_entry_monument, minmay_misc_feat_square,
          minmay_misc_feat_roman, uniq_duvessa, uniq_crazy_yiuf_cottage,
          uniq_sigmund, uniq_pikel
D:5:      layout_basic, basic_altar, first_ration
D:6:      layout_rooms, slow_altar_2, makhleb_blood_cavern_becter,
          hangedman_decor_peaks_small
D:7:      layout_loops_corners, lemuel_mausoleum_altar_yredelemnul,
          nicolae_overflow_crystal_walls, old_standard_altar,
          minmay_temple_entry_statues_fountains
D:8:      layout_basic, zin_purify, okawaru_humans, lemuel_crystal_altar,
          uniq_maurice
D:9:      layout_roguey, old_standard_altar, david_orc_2
D:10:     layout_basic, david_lair_generic
Temple:   nicolae_temple_figure_zero

Skill      XL: |  1  2  3  4  5  6  7  8  9 10 11 |
---------------+----------------------------------+-----
Fighting       | 1 2 3 6 |  6.0
Dodging        | 2 4 5 6 9 10 | 10.0
Poison Magic   | 4 |  4.0
Axes           | 6 9 11 | 11.3
Spellcasting   | 4 |  4.0
Stealth        | |  1.7
Transmutations | |  0.8

Action                   |  1- 3 |  4- 6 |  7- 9 | 10-12 || total
-------------------------+-------+-------+-------+-------++-------
Melee: Whip              |     9 |       |       |       ||     9
       Hand axe          |     8 |   122 |   228 |   539 ||   897
       Dagger            |     1 |       |       |       ||     1
Throw: Dart              |       |       |     4 |     3 ||     7
 Cast: Sting             |    62 |    71 |    85 |    75 ||   293
  Use: Scroll            |     5 |     2 |     1 |     5 ||    13
 Stab: Sleeping          |       |       |     3 |     1 ||     4
       Distracted        |       |       |       |     1 ||     1
  Eat: Chunk             |     3 |     7 |     9 |     3 ||    22
       Ration            |       |       |     1 |     5 ||     6
Armor: Robe              |    30 |    52 |    63 |    94 ||   239
Dodge: Dodged            |    29 |   125 |   225 |   337 ||   716
